 Dungeon Crawl Stone Soup version 0.20.0-15-g7f486f2 (webtiles) character file.

24341 straycat the Unseen (level 12, -10/73 HPs)
             Began as a Vampire Wanderer on June 25, 2017.
             Was a Believer of Hepliaklqana.
             Splashed by an oklob plant's acid (15 damage)
             ... on level 3 of the Lair of Beasts.
             The game lasted 02:16:35 (15515 turns).

straycat the Unseen (Vampire Wanderer)             Turns: 15515, Time: 02:16:35

Health: -10/73     AC: 11    Str: 17    XL:     12   Next: 79%
Magic:  12/12      EV: 26    Int: 12    God:    Hepliaklqana [**....]
Gold:   520        SH:  0    Dex: 23    Spells: 0/11 levels left

rFire    + . .     SeeInvis +   z - +6 mace of the Realm of Zot {speed, Str+5 Dex+3}
rCold    + . .     Gourm    .   (no shield)
rNeg     . . .     Faith    .   E - +4 ring mail of the Foremost Hells {rElec rF+ Slay+2 Stlth+}
rPois    .         Spirit   .   h - +2 helmet
rElec    +         Reflect  .   i - +0 cloak
rCorr    .         Harm     +   (no gloves)
MR       +....                  F - +2 pair of boots
Stlth    +++++++...             S - amulet of harm
Regen    0.5/turn               o - ring of protection from cold
MPRegen  0.2/turn               s - +3 ring of protection

@: silence, corroded, regenerating quickly
A: reduced essence, fangs 3, see invisible, unbreathing
a: Renounce Religion


You were on level 3 of the Lair of Beasts.
You worshipped Hepliaklqana.
Hepliaklqana was pleased with you.
You were almost alive.

You visited 3 branches of the dungeon, and saw 13 of its levels.

You collected 751 gold pieces.
You spent 231 gold pieces at shops.

Inventory:

Hand Weapons
 c - a +4 quarterstaff of chaos
 d - a +3 hand crossbow
 x - the +0 rapier "Netuyto" {protect, +Blink MR+ Stlth+}
   (You found it on level 4 of the Dungeon)

   It protects the one who uses it against injury (+AC on strike).
   It affects your resistance to hostile enchantments.
   It lets you blink.
   It makes you more stealthy.
 z - the +6 mace of the Realm of Zot (weapon) {speed, Str+5 Dex+3}
   (You found it on level 4 of the Dungeon)

   Attacks with this weapon are significantly faster.
   It affects your strength (+5).
   It affects your dexterity (+3).
 W - a +3 scimitar of flaming
 X - the +8 longbow "Zephyr" {speed, Dex+3 SInv}
   (You took it off an orc warrior on level 9 of the Dungeon)

   Attacks with this weapon are significantly faster.
   It affects your dexterity (+3).
   It lets you see invisible.
Missiles
 e - 168 bolts
 f - 75 poisoned needles
 u - an arrow
 v - 14 javelins (quivered)
 N - a throwing net
Armour
 h - a +2 helmet (worn)
 i - a +0 cloak (worn)
 t - +0 ice dragon scales
 D - a +0 troll leather armour {Purgy}
 E - the +4 ring mail of the Foremost Hells (worn) {rElec rF+ Slay+2 Stlth+}
   (You found it on level 7 of the Dungeon)

   It affects your accuracy and damage with ranged weapons and melee attacks
   (+2).
   It protects you from fire.
   It insulates you from electricity.
   It makes you more stealthy.
 F - a +2 pair of boots (worn)
 R - a +2 leather armour of magic resistance
Jewellery
 l - an uncursed amulet of regeneration
 o - a ring of protection from cold (left hand)
 s - a +3 ring of protection (right hand)
 H - an uncursed amulet of rage
 L - a +6 amulet of reflection
 S - an amulet of harm (around neck)
Wands
 r - a wand of confusion (48/48)
 Q - a wand of digging (10/24)
Scrolls
 m - 2 scrolls of fear
 n - 4 scrolls of teleportation
 B - 4 scrolls of amnesia
 I - 2 scrolls of fog
 O - a scroll of blinking
 P - 2 scrolls of immolation
 U - 2 scrolls of remove curse
Potions
 a - a potion of resistance
 b - a potion of ambrosia
 g - 11 potions of blood
 j - 2 potions of magic
 k - a potion of mutation
 p - 2 potions of might
 q - a potion of berserk rage
 w - 2 potions of brilliance
 A - a potion of flight {unknown}
 G - 2 potions of heal wounds
 J - 2 potions of curing {unknown}
 K - 2 potions of haste
 T - 3 potions of cancellation
Books
 C - a book of Flames

   Spells                             Type                      Level
   a - Flame Tongue                   Conjuration/Fire             1
   b - Throw Flame                    Conjuration/Fire             2
   c - Conjure Flame                  Conjuration/Fire             3
   d - Inner Flame                    Hexes/Fire                   3
   e - Sticky Flame                   Conjuration/Fire             4
   f - Fireball                       Conjuration/Fire             5


   Skills:
 - Level 3.6 Fighting
 - Level 1.5 Crossbows
 - Level 1.0 Throwing
 - Level 17.7 Dodging
 + Level 18.6 Stealth


You couldn't memorise any spells.
You knew the following spells:

 Your Spells              Type           Power        Failure   Level  Hunger
a - Lee's Rapid Deconstr  Erth           #.........   100%        5    ######.
c - Passwall              Tmut/Erth      #.........   67%         2    ###....
d - Petrify               Tmut/Erth      #.......     99%         4    #####..


Dungeon Overview and Level Annotations

Branches:
Dungeon (9/15)             Temple (1/1) D:6            Lair (3/6) D:9
  Snake (0/4) Lair:2
  Swamp: Lair:2-4    Shoals: Lair:2-4       Orc: D:9-12

Altars:
Ashenzari
Cheibriados
Dithmenos
Elyvilon
Fedhas
Gozag
Hepliaklqana
Kikubaaqudgha
Makhleb
Nemelex Xobeh
Okawaru
Qazlal
Ru
Sif Muna
Trog
Uskayaw
Vehumet
Xom
Yredelemnul
Zin
The Shining One

Shops:
D:8 }*}?!

Annotations:
Lair:3 exclusion: 3 oklob plants


Innate Abilities, Weirdness & Mutations

Your natural rate of healing is unusually fast.
You have razor-sharp teeth.
You have supernaturally acute eyesight. (SInv)
You can survive without breathing.
Your life essence is reduced. (-10% HP)


Message History

You hit the oklob plant but do no damage.
You bite the oklob plant.
The oklob plant is moderately damaged.
The oklob plant spits acid at you. The splash of acid hits you!
The acid corrodes you!
You are splashed with acid!
The acid burns!
You completely miss the oklob plant.
You bite the oklob plant, but do no damage.
The oklob plant is moderately damaged.
You hit the oklob plant. You bite the oklob plant!
The oklob plant is heavily damaged.
The oklob plant spits acid at you. The splash of acid hits you!
The acid corrodes you!
You are splashed with acid!
The acid burns!
* * * LOW HITPOINT WARNING * * *
The oklob plant spits acid at you. The splash of acid hits you!
* * * LOW HITPOINT WARNING * * *
The acid corrodes you!
You are splashed with acid!
The acid burns!
You die...

#........#......#.#
.#.......#..)..P#.#
#......#......##.#
.8.##..##.....##.##
.. ...##......#..#
8.............##
.#.....#..#
#####..######
#..@?P..#
....."..P$!P.#
........P...!#
....#...P.P%.#
..#...P.###### .
.#..... . #..#..
+.....


You could see 3 oklob plants.

Vanquished Creatures
  Gastronok (D:8)
  A stone giant (D:9)
  A yaktaur captain (D:9)
  A hydra (Lair:2)
  Erica (D:9)
  A two-headed ogre (D:9)
  A death yak (Lair:3)
  Pikel (D:6)
  An elephant (Lair:2)
  Joseph (D:7)
  A spiny frog (Lair:1)
  2 rime drakes
  A freezing wraith (D:9)
  3 hippogriffs
  Grinder (D:4)
  10 yaks (D:9)
  Eustachio (D:6)
  A wyvern (D:8)
  A hungry ghost (D:9)
  4 hogs (D:8)
  A human (D:8)
  2 basilisks
  Grum (Lair:1)
  Duvessa (D:6)
  8 porcupines
  4 water moccasins
  A black bear (D:6)
  Purgy (D:4)
  2 orc warriors
  The ghost of PeterMcNeter the Chopper, an amateur HOAK of Lugonu (D:3)
  A hornet zombie (D:9)
  4 ogres
  4 sky beasts
  A black bear (shapeshifter) (D:9)
  A necrophage (D:7)
  An ice beast (D:8)
  A phantom (D:7)
  7 wolves
  3 centaurs
  Blork the orc (D:4)
  2 crocodiles
  7 bullfrogs
  Dowan (D:6)
  A water moccasin zombie (D:9)
  4 scorpions
  16 wights
  4 electric eels
  3 crimson imps
  2 hounds
  4 jellies
  3 bullfrog skeletons
  A gnoll shaman (D:5)
  7 orc priests
  Crazy Yiuf (D:6)
  A centaur skeleton (D:6)
  10 orc wizards
  3 iguanas
  13 worker ants
  A hell rat (Lair:2)
  2 hound skeletons
  2 worker ant zombies
  Robin (D:2)
  A howler monkey skeleton (D:6)
  13 adders
  7 gnolls
  An ooze (D:3)
  3 adder skeletons
  A worm (D:5)
  2 dart slugs
  5 leopard geckos
  35 orcs
  2 ball pythons
  3 giant cockroaches
  8 hobgoblins
  5 jackals
  A quokka (D:5)
  8 bats
  4 frilled lizards
  15 goblins
  8 kobolds
  A leopard gecko skeleton (D:5)
  A quokka skeleton (D:8)
  11 rats
  A fungus (D:6)
  A plant (Lair:3)
307 creatures vanquished.

Vanquished Creatures (collateral kills)
  A hydra (Lair:2)
  A catoblepas (Lair:2)
  Nergalle (Lair:1)
  A lindwurm (Lair:2)
  An elephant (Lair:2)
  2 spiny frogs
  A komodo dragon (Lair:2)
  A troll (D:9)
  A hippogriff (D:9)
  2 basilisks
  A water moccasin (Lair:1)
  A porcupine (Lair:1)
  An ice beast (D:8)
  An orc warrior (D:9)
  4 wolves
  3 crocodiles
  3 bullfrogs
  A scorpion (D:9)
  A wight (D:9)
  A crimson imp (D:8)
  A jelly (D:9)
  An orc wizard (D:8)
  A worker ant (D:8)
  A gnoll (D:9)
  4 orcs
  A plant (Lair:1)
38 creatures vanquished.

Vanquished Creatures (others)
  3 slaves (D:6)
  A crimson imp (D:6)
  3 battlemagi
  5 ancestors (D:9)
  A fungus (D:9)
  A plant (D:9)
  10 toadstools (Lair:2)
24 creatures vanquished.

Grand Total: 369 creatures vanquished

Notes
Turn   | Place    | Note
-------+----------+-------------------------------------------
     0 | D:1      | straycat the Vampire Wanderer began the quest for the Orb.
     0 | D:1      | straycat set off with: a +2 dagger, a potion of heal wounds, a +0 falchion, a +0 hand crossbow, 21 bolts, a +0 robe, a potion of blood
     0 | D:1      | Reached XP level 1. HP: 18/18 MP: 1/1
   318 | D:1      | Reached XP level 2. HP: 15/24 MP: 2/2
  1141 | D:2      | Reached XP level 3. HP: 7/29 MP: 3/3
  1959 | D:2      | Noticed Robin
  1994 | D:2      | Killed Robin
  1994 | D:2      | Reached XP level 4. HP: 21/36 MP: 4/4
  2173 | D:2      | Found a sacrificial altar of Ru.
  2199 | D:2      | Reached skill level 5 in Dodging
  2380 | D:2      | Reached XP level 5. HP: 36/41 MP: 5/5
  2976 | D:3      | Found an opulent altar of Gozag.
  2994 | D:3      | Noticed PeterMcNeter's ghost (amateur HOAK)
  3026 | D:3      | Killed PeterMcNeter's ghost
  3026 | D:3      | Reached XP level 6. HP: 26/47 MP: 6/6
  3417 | D:4      | Noticed Grinder
  3449 | D:4      | Killed Grinder
  3449 | D:4      | Reached XP level 7. HP: 30/52 MP: 7/7
  3768 | D:4      | Got an encrusted rapier
  3785 | D:4      | Identified the cursed +0 rapier "Netuyto" {protect, +Blink MR+ Stlth+} (You found it on level 4 of the Dungeon)
  3888 | D:4      | Got a smoking mace
  4010 | D:4      | Noticed Purgy
  4031 | D:4      | Killed Purgy
  4074 | D:4      | Learned a level 2 spell: Throw Flame
  4078 | D:4      | Learned a level 3 spell: Inner Flame
  4114 | D:4      | Noticed Blork the orc
  4133 | D:4      | Killed Blork the orc
  4418 | D:5      | Entered Level 5 of the Dungeon
  4847 | D:5      | Reached skill level 10 in Dodging
  4965 | D:5      | Reached XP level 8. HP: 51/59 MP: 8/8
  5270 | D:5      | Found a burning altar of Makhleb.
  5491 | D:6      | Noticed Pikel
  5533 | D:6      | Noticed Eustachio
  5534 | D:6      | Found a staircase to the Ecumenical Temple.
  5718 | D:5      | Identified the +6 mace of the Realm of Zot {speed, Str+5 Dex+3} (You found it on level 4 of the Dungeon)
  5822 | D:6      | Killed Pikel
  5905 | D:6      | Noticed Duvessa
  5921 | D:6      | Noticed Dowan
  5928 | D:6      | Killed Duvessa
  5928 | D:6      | Reached XP level 9. HP: 54/64 MP: 9/9
  5932 | D:6      | Killed Dowan
  6113 | Temple   | Entered the Ecumenical Temple
  6257 | D:6      | Killed Eustachio
  6705 | D:6      | Found a runed door.
  6709 | D:6      | Noticed Crazy Yiuf
  6715 | D:6      | Killed Crazy Yiuf
  6839 | D:7      | Got a scorched ring mail
  6852 | D:7      | Identified the +4 ring mail of the Foremost Hells {rElec rF+ Slay+2 Stlth+} (You found it on level 7 of the Dungeon)
  7532 | D:7      | Noticed Joseph
  7567 | D:7      | Killed Joseph
  7676 | D:7      | Reached XP level 10. HP: 70/70 MP: 10/10
  7719 | D:7      | Reached skill level 15 in Dodging
  8037 | D:8      | Found Pihao's Magic Scroll Emporium.
  8656 | D:8      | Bought a scroll of identify for 28 gold pieces
  8656 | D:8      | Bought a scroll of identify for 28 gold pieces
  8656 | D:8      | Bought a scroll of identify for 28 gold pieces
  8656 | D:8      | Bought a scroll of identify for 28 gold pieces
  8656 | D:8      | Bought a scroll of identify for 28 gold pieces
  8656 | D:8      | Bought a scroll of remove curse for 42 gold pieces
  8887 | D:8      | Bought a scroll of fear for 49 gold pieces
  8921 | D:8      | Noticed Gastronok
  9213 | D:8      | Found Gafraal's Distillery.
  9408 | D:8      | Found a basalt altar of Yredelemnul.
  9419 | D:8      | Found a burning altar of Makhleb.
  9430 | D:8      | Found a hazy altar of Hepliaklqana.
  9436 | D:8      | Became a worshipper of Hepliaklqana the Forgotten
  9458 | D:8      | Found a sparkling altar of Nemelex Xobeh.
  9529 | D:8      | Killed Gastronok
  9618 | D:8      | Reached XP level 11. HP: 58/67 MP: 11/11
  9636 | D:8      | Found Luwn's Gadget Emporium.
  9722 | D:8      | Found Pofenewe's General Store.
  9746 | D:8      | Found Muxibys's Gadget Shop.
 10202 | D:9      | Found a staircase to the Lair.
 10236 | D:9      | Reached skill level 4 in Stealth
 10312 | D:9      | Reached skill level 5 in Stealth
 10392 | D:9      | Reached * piety under Hepliaklqana
 10429 | D:9      | Reached skill level 6 in Stealth
 10622 | D:9      | Noticed a stone giant
 10760 | D:9      | Killed a stone giant
 10760 | D:9      | Reached skill level 9 in Stealth
 10930 | D:9      | Noticed Erica
 10947 | D:9      | Killed Erica
 10947 | D:9      | Reached skill level 10 in Stealth
 11026 | D:9      | Found a glowing golden altar of the Shining One.
 11148 | D:9      | Reached skill level 11 in Stealth
 11273 | D:9      | Noticed a two-headed ogre
 11295 | D:9      | Killed a two-headed ogre
 11295 | D:9      | Reached skill level 12 in Stealth
 11369 | D:9      | Noticed a yaktaur captain
 11996 | D:9      | Killed a yaktaur captain
 12084 | D:9      | Noticed a harpy
 12093 | D:9      | Reached skill level 13 in Stealth
 12094 | D:9      | Noticed an orb spider
 12097 | D:9      | an orb spider changed into a black bear
 12251 | D:9      | Reached XP level 12. HP: 65/73 MP: 12/12
 12425 | Lair:1   | Entered Level 1 of the Lair of Beasts
 12590 | Lair:1   | Reached skill level 14 in Stealth
 12901 | Lair:1   | Noticed Grum
 12906 | Lair:1   | Killed Grum
 12983 | Lair:1   | Reached ** piety under Hepliaklqana
 12984 | Lair:1   | Remembered your ancestor Seras as a battlemage
 13053 | Lair:1   | Noticed Nergalle
 13067 | Lair:1   | Killed Nergalle
 13067 | Lair:1   | Reached skill level 15 in Stealth
 13562 | Lair:2   | Reached skill level 16 in Stealth
 13712 | Lair:2   | Found a staircase to the Snake Pit.
 13747 | Lair:2   | Learned a level 2 spell: Passwall
 13769 | Lair:2   | Learned a level 4 spell: Petrify
 13790 | Lair:2   | Learned a level 5 spell: Lee's Rapid Deconstruction
 14168 | Lair:2   | Found a runed door.
 14293 | Lair:2   | Noticed a five-headed hydra
 14301 | Lair:2   | Killed a five-headed hydra
 14583 | Lair:2   | Noticed a four-headed hydra
 14587 | Lair:2   | Killed a four-headed hydra
 14587 | Lair:2   | Reached skill level 17 in Stealth
 14661 | Lair:2   | Noticed a catoblepas
 14679 | Lair:2   | HP: 3/73 [catoblepas/blast of calcifying dust (2)]
 14686 | Lair:2   | Killed a catoblepas
 14686 | Lair:2   | Reached skill level 18 in Stealth
 15102 | Lair:3   | Noticed a death yak
 15113 | Lair:3   | Killed a death yak
 15515 | Lair:3   | Splashed by an oklob plant's acid

Skill      XL: |  1  2  3  4  5  6  7  8  9 10 11 12 |
---------------+-------------------------------------+-----
Dodging        | 2 3 4 5 6 8 10 12 14 17 | 17.7
Stealth        | 13 18 | 18.6
Fighting       | |  3.6
Crossbows      | |  1.5
Throwing       | |  1.0

Action                   |  1- 3 |  4- 6 |  7- 9 | 10-12 || total
-------------------------+-------+-------+-------+-------++-------
Melee: Falchion          |   112 |   171 |    21 |       ||   304
       Bite              |     8 |    28 |    84 |   118 ||   238
       Rapier            |       |       |   339 |   133 ||   472
       Mace              |       |       |   215 |   478 ||   693
       Long sword        |       |       |    26 |       ||    26
 Fire: Arbalest          |       |       |       |    44 ||    44
       Longbow           |       |       |       |   132 ||   132
       Hand crossbow     |       |       |       |     9 ||     9
Throw: Javelin           |       |     5 |     1 |    33 ||    39
Invok: Ancestor Identity |       |       |       |     1 ||     1
       Recall Ancestor   |       |       |       |     4 ||     4
       Ancestor Life: Ba |       |       |       |     1 ||     1
 Abil: Evoke Blink       |       |       |     1 |       ||     1
  Use: Potion            |     3 |    12 |    18 |    41 ||    74
       Scroll            |     5 |     9 |    10 |    22 ||    46
 Stab: Sleeping          |     6 |       |    10 |     9 ||    25
       Paralysed         |       |     1 |       |       ||     1
       Distracted        |       |       |     1 |     5 ||     6
  Eat: Corpse            |       |       |     3 |     3 ||     6
Armor: Robe              |    17 |    19 |    15 |       ||    51
       Ice dragon scales |    26 |    58 |    39 |       ||   123
       Troll leather arm |       |       |   141 |       ||   141
       Ring mail         |       |       |    16 |   149 ||   165
Dodge: Dodged            |   116 |   132 |   709 |   629 ||  1586
Block: Other             |       |       |    93 |   179 ||   272
       Reflection        |       |       |     3 |     3 ||     6
       Rpst.: Falchion   |    32 |    43 |     7 |       ||    82
       Long sword        |       |       |     8 |       ||     8
